 Dungeon Crawl Stone Soup version 0.22-a0-373-gab1296c (webtiles) character file.

354 Collin1234 the Covered (level 6, -14/53 HPs)
             Began as a Hill Orc Fighter on Apr 25, 2018.
             Was an Initiate of Makhleb.
             Demolished by Natasha (24 damage)
             ... on level 3 of the Dungeon.
             The game lasted 00:17:27 (2851 turns).

Collin1234 the Covered (Hill Orc Fighter)           Turns: 2851, Time: 00:17:28

Health: -14/53     AC:  4    Str: 20    XL:     6   Next: 62%
Magic:  6/6        EV:  9    Int:  9    God:    Makhleb [......]
Gold:   98         SH:  0    Dex: 10    Spells: 5/5 levels left

rFire    . . .     SeeInvis .   x - +1 dagger (chaos)
rCold    . . .     Gourm    .   c - +0 shield
rNeg     . . .     Faith    .   y - +0 leather armour
rPois    .         Spirit   .   (no helmet)
rElec    .         Reflect  .   (no cloak)
rCorr    .         Harm     .   i - +0 pair of gloves
MR       .....                  (no boots)
Stlth    +.........             (no amulet)
HPRegen  0.17/turn              (no ring)
MPRegen  0.10/turn              (no ring)

@: sleeping, slowed, very slow
A: no striking features
a: Renounce Religion


You were on level 3 of the Dungeon.
You worshipped Makhleb.
Makhleb was noncommittal.
You were not hungry.

You visited 1 branch of the dungeon, and saw 3 of its levels.

You collected 98 gold pieces.

Inventory:

Hand Weapons
 a - a +0 rapier
 g - a +0 spear
 q - a +0 short sword
 s - a +0 long sword
 u - a +0 hunting sling
 x - a +1 dagger of chaos (weapon)
Missiles
 e - 16 stones
 n - 15 sling bullets (quivered)
 z - 19 arrows
Armour
 b - a +0 scale mail
 c - a +0 shield (worn)
 i - a +0 pair of gloves (worn)
 m - a +0 robe
 y - a +0 leather armour (worn)
Jewellery
 h - a cursed ring of resist corrosion {unknown}
 r - an uncursed ring of positive energy {unknown}
Scrolls
 j - 3 scrolls of remove curse {unknown}
 k - a scroll of teleportation {unknown}
 l - a scroll of fear {unknown}
 o - a scroll of identify {unknown}
 p - 2 scrolls of fog {unknown}
 t - a scroll of enchant armour {unknown}
 w - a scroll of noise {unknown}
Potions
 d - a potion of degeneration {unknown}
 v - a potion of flight {unknown}
Comestibles
 f - a ration


   Skills:
 + Level 4.4 Fighting
 + Level 3.0(3.7) Short Blades
 + Level 3.3(4.0) Long Blades
 + Level 0.2 Slings
 + Level 4.7 Armour
 + Level 0.6 Dodging
 + Level 0.4 Stealth
 + Level 4.5 Shields


You had 5 spell levels left.
You didn't know any spells.

Dungeon Overview and Level Annotations

Branches:
Dungeon (3/15)

Altars:
Cheibriados
Makhleb
Xom

Annotations:
D:3 Natasha


Message History

Natasha barely misses you. You block Natasha's attack.
Natasha wildly gestures.
Natasha's front paws start to glow.
Natasha claws you!
Things that are here:
a sling bullet; a giant cockroach corpse; an adder corpse You hit Natasha.
You freeze Natasha.
Natasha is moderately wounded.
You block Natasha's attack. Natasha claws you.
Cheibriados adjusts the clock.
A wave of violent energy washes through your body!
* * * LOW HITPOINT WARNING * * *
You lose track of time.
You fall asleep.
You feel the world leave you behind!
You feel as though you will be slow longer.
The divine experience drains your vigour!
You already are as slow as you could be.
Natasha claws you!!
You die...

## ....# .
##...####
#.......>.# #
#. ....(..
#.#........
....#...#
#.....#
#.#@h.#
#...####
#......#
##..###.#
..... #.#
#####.###.#
####.....#
#......###
###
#.###...##...
##


You could see Natasha.

Vanquished Creatures
  A water moccasin zombie (D:2)
  A crimson imp (D:3)
  An orc priest (D:3)
  An orc wizard (D:3)
  Natasha (twice) (D:3)
  Robin (D:2)
  5 adders
  3 worms
  6 dart slugs
  4 leopard geckos
  5 orcs (D:3)
  3 giant cockroaches
  11 hobgoblins
  5 kobolds
  3 quokkas
  12 bats
  7 frilled lizards
  11 goblins
  6 rats
  A plant (D:1)
89 creatures vanquished.

Notes
Turn   | Place    | Note
-------+----------+-------------------------------------------
     0 | D:1      | Collin1234 the Hill Orc Fighter began the quest for the Orb.
     0 | D:1      | Reached XP level 1. HP: 19/19 MP: 1/1
   130 | D:1      | Reached XP level 2. HP: 20/27 MP: 2/2
   657 | D:1      | Reached XP level 3. HP: 26/33 MP: 3/3
  1162 | D:2      | Reached XP level 4. HP: 34/40 MP: 4/4
  1219 | D:2      | Noticed Robin
  1246 | D:2      | Killed Robin
  1529 | D:2      | Reached XP level 5. HP: 31/47 MP: 5/5
  1787 | D:2      | Found a snail-covered altar of Cheibriados.
  1823 | D:2      | Became a worshipper of Cheibriados the Contemplative
  2091 | D:2      | Reached skill level 1 in Long Blades
  2411 | D:3      | Reached * piety under Cheibriados
  2411 | D:3      | Reached XP level 6. HP: 25/53 MP: 6/6
  2489 | D:3      | Noticed Natasha
  2501 | D:3      | Killed Natasha
  2526 | D:3      | Found a shimmering altar of Xom.
  2526 | D:3      | Found a burning altar of Makhleb.
  2532 | D:3      | Paralysed by a crimson imp for 4 turns
  2573 | D:3      | Fell from the grace of Cheibriados
  2573 | D:3      | Became a worshipper of Makhleb the Destroyer
  2673 | D:3      | Noticed Natasha
  2690 | D:3      | Killed Natasha
  2838 | D:3      | Noticed Natasha
  2851 | D:3      | Demolished by Natasha

Vault maps used:
D:1:      dpeg_arrival_court, serial_forest, infiniplex_forest_straight_2,
          infiniplex_forest_lined_ring, infiniplex_forest_lined_room_2,
          infiniplex_forest_straight_2, infiniplex_forest_lined_room_2,
          infiniplex_forest_lined_room_2, infiniplex_forest_end_3,
          infiniplex_forest_clump_medium, infiniplex_forest_lined_3,
          infiniplex_forest_straight_5, minmay_tripent
D:2:      kennysheep_slug_shrine, uniq_robin
D:3:      grunt_temple_overflow_champion_of_chaos, uniq_crazy_yiuf_cottage,
          uniq_sigmund, uniq_natasha, uniq_jessica

Skill      XL: |  1  2  3  4  5  6 |
---------------+-------------------+-----
Fighting       | 4 |  4.4
Shields        | 4 |  4.5
Short Blades   | 3 |  3.0
Armour         | 4 |  4.7
Long Blades    | 2 3 |  3.3
Slings         | |  0.2
Dodging        | |  0.6
Stealth        | |  0.4

Action                   |  1- 3 |  4- 6 || total
-------------------------+-------+-------++-------
Melee: Rapier            |   157 |    25 ||   182
       Long sword        |       |   157 ||   157
       Dagger            |       |    22 ||    22
 Fire: Hunting sling     |       |    18 ||    18
Throw: Stone             |     1 |       ||     1
  Use: Potion            |       |     1 ||     1
 Stab: Petrified         |       |     1 ||     1
  Eat: Chunk             |       |     4 ||     4
       Ration            |       |     1 ||     1
Armor: Scale mail        |   103 |   101 ||   204
       Leather armour    |       |     4 ||     4
Dodge: Dodged            |    53 |    80 ||   133
Block: Shield            |    99 |   137 ||   236
       Rpst.: Long sword |       |    22 ||    22

Table legend:
 A = Spawn XP
 B = Non-spawn XP
 C = Spawn XP percentage of total XP
 D = Spawn monster count
 E = Non-spawn monster count
 F = Spawn count percentage of total count
 G = Total turns spent on level
                    A         B        C        D         E        F      G
               +---------+---------+-------+---------+---------+-------+---------
         Total |       0 |     506 |   0.0 |       0 |      88 |   0.0 |  2851
               +---------+---------+-------+---------+---------+-------+---------
           D:1 |       0 |      49 |   0.0 |       0 |      26 |   0.0 |  1087
           D:2 |       0 |     202 |   0.0 |       0 |      39 |   0.0 |  1169
           D:3 |       0 |     255 |   0.0 |       0 |      23 |   0.0 |   595
               +---------+---------+-------+---------+---------+-------+---------
